 Dungeon Crawl Stone Soup version 0.21.1-1-g345015f (webtiles) character file.

177 tidbits the Sneak (level 5, 0/37 HPs)
             Began as a Gnoll Enchanter on June 9, 2018.
             Slain by a worker ant (4 damage)
             ... on level 6 of the Dungeon.
             The game lasted 00:04:43 (481 turns).

tidbits the Sneak (Gnoll Enchanter)                  Turns: 481, Time: 00:04:44

Health: 0/37       AC:  2    Str: 10    XL:     5   Next: 57%
Magic:  11/12      EV: 15    Int: 18    God:
Gold:   66         SH:  0    Dex: 16    Spells: 5/14 levels left

rFire    . . .     SeeInvis .   a - +1 dagger
rCold    . . .     Gourm    .   (no shield)
rNeg     . . .     Faith    .   b - +0 robe
rPois    .         Spirit   .   (no helmet)
rElec    .         Reflect  .   (no cloak)
rCorr    .         Harm     .   (no gloves)
MR       .....                  (no boots)
Stlth    +++.......             (no amulet)
HPRegen  0.12/turn              (no ring)
MPRegen  0.13/turn              (no ring)

@: no status effects
A: distributed training, fangs 1, strong nose
a: no special abilities


You were on level 6 of the Dungeon.
You were not hungry.

You visited 1 branch of the dungeon, and saw 6 of its levels.

You collected 66 gold pieces.

Inventory:

Hand Weapons
 a - a +1 dagger (weapon)
Armour
 b - a +0 robe (worn)
Wands
 g - a wand of flame (26)
 p - a wand of paralysis (6)
Scrolls
 e - a scroll of fog {unknown}
 f - a scroll of magic mapping {unknown}
Potions
 h - a potion of might {unknown}
Books
 c - a book of Maledictions

   Spells                             Type                      Level
   a - Corona                         Hexes                        1
   b - Ensorcelled Hibernation        Hexes/Ice                    2
   c - Confuse                        Hexes                        3
   d - Tukima's Dance                 Hexes                        3
   e - Dazzling Spray                 Conjuration/Hexes            3
Comestibles
 d - a ration


   Skills:
 + Level 1.5 Fighting
 + Level 3.0 Short Blades
 + Level 1.5 Long Blades
 + Level 1.5 Axes
 + Level 1.5 Maces & Flails
 + Level 1.5 Polearms
 + Level 1.5 Staves
 + Level 1.5 Slings
 + Level 1.5 Bows
 + Level 1.5 Crossbows
 + Level 1.5 Throwing
 + Level 1.5 Armour
 + Level 4.8 Dodging
 + Level 6.1 Stealth
 + Level 1.5 Shields
 + Level 1.5 Unarmed Combat
 + Level 5.2 Spellcasting
 + Level 1.2 Conjurations
 + Level 5.5 Hexes
 + Level 1.2 Charms
 + Level 1.2 Summonings
 + Level 1.2 Necromancy
 + Level 1.2 Translocations
 + Level 1.2 Transmutations
 + Level 1.2 Fire Magic
 + Level 1.2 Ice Magic
 + Level 1.2 Air Magic
 + Level 1.2 Earth Magic
 + Level 1.2 Poison Magic
 + Level 1.7 Invocations
 + Level 1.5 Evocations


You had 5 spell levels left.
You knew the following spells:

 Your Spells              Type           Power        Failure   Level  Hunger
a - Corona                Hex            ###....      1%          1    None
c - Confuse               Hex            ###.....     4%          3    ##.....
d - Dazzling Spray        Conj/Hex       ###...       10%         3    ##.....
e - Ensorcelled Hibernat  Hex/Ice        ###...       4%          2    #......


Dungeon Overview and Level Annotations

Branches:
Dungeon (6/15)
 Temple: D:4-7

Altars:
Hepliaklqana

Annotations:
D:4 Robin
D:5 Menkaure


Innate Abilities, Weirdness & Mutations

Your experience applies equally to all skills.
You have very sharp teeth.
Your uncanny sense of smell can sniff out nearby items.


Message History

Memorise Confuse, consuming 3 spell levels and leaving 6?
You start memorising the spell.
You continue memorising. x3
You finish memorising.
Spell assigned to 'c'.
Memorise Dazzling Spray, consuming 3 spell levels and leaving 3?
You start memorising the spell.
You continue memorising. x3
You finish memorising.
Spell assigned to 'd'.
You see here a wand of paralysis (9).
g - a wand of paralysis (9) Adjust (i)tems, (s)pells, or (a)bilities?
Adjust which item? (? for menu, Esc to quit)
g - a wand of paralysis (9) Adjust to which letter? (? for menu, Esc to quit)
p - a wand of paralysis (9)
You see here a wand of flame (27).
g - a wand of flame (27)
You open the large door.
An orc comes into view. It is wielding a club.
Evoke which item? (* to show all) (? for menu, Esc to quit)
Aiming: Paralyse
Press: ? - help, Shift-Dir - straight line, f - orc
Aim: an orc, wielding a club (chance to defeat MR: 66%)
The orc suddenly stops moving!
There is a large open door here.
The helpless orc fails to defend itself.
You impale the orc!!
You kill the orc!
You see here a club.
An adder and an ice beast come into view.
You open the door.
A leopard gecko, a ball python and an ogre come into view.
Found a golden potion.
There is an open door here.
Unknown command.
The helpless leopard gecko fails to defend itself.
You impale the leopard gecko!!
You kill the leopard gecko!
You have reached level 4!
You feel agile.
The helpless ball python fails to defend itself.
You spit the ball python like a pig!!!
You kill the ball python!
You see here a ball python corpse.
Unknown command.
The helpless ogre fails to defend itself.
You impale the ogre!! You bite the ogre, but do no damage.
The ogre is almost dead.
The ogre closely misses you.
Evoke which item? (* to show all) (? for menu, Esc to quit)
Aiming: Throw Flame
Press: ? - help, Shift-Dir - straight line, f - ogre
Aim: an ogre, wielding a giant club (almost dead)
The puff of flame hits the ogre.
You kill the ogre!
Your Conjurations skill increases to level 1!
Your Charms skill increases to level 1!
Your Summonings skill increases to level 1!
Your Necromancy skill increases to level 1!
Your Translocations skill increases to level 1!
Your Transmutations skill increases to level 1!
Your Fire Magic skill increases to level 1!
Your Ice Magic skill increases to level 1!
Your Air Magic skill increases to level 1!
Your Earth Magic skill increases to level 1!
Your Poison Magic skill increases to level 1!
You have reached level 5!
You see here a golden potion.
h - a golden potion You see here a ball python corpse.
There is an open door here.
A hound comes into view.
Evoke which item? (* to show all) (? for menu, Esc to quit)
Aiming: Paralyse
Press: ? - help, Shift-Dir - straight line, f - hound
Aim: a hound (hasn't noticed you, chance to defeat MR: 58%)
The hound suddenly stops moving!
The helpless hound fails to defend itself.
You impale the hound!!
You kill the hound!
Your Short Blades skill increases to level 3!
An orc comes into view.
You open the door.
A worker ant, a centaur and a troll come into view.
The worker ant twitches its antennae in your direction.
Found a scroll labeled ORUVVU DAHUM.
There is an open door here.
Unknown command.
The helpless troll fails to defend itself.
You stick the troll like a pincushion!!!
The troll is almost dead.
The worker ant closely misses you. The troll bites you!!
* * * LOW HITPOINT WARNING * * *
The troll barely misses you. The troll completely misses you.
Unknown command.
Evoke which item? (* to show all) (? for menu, Esc to quit)
Aiming: Paralyse
Press: ? - help, Shift-Dir - straight line, f - worker ant
Aim: a worker ant (chance to defeat MR: 59%)
The worker ant resists with significant effort.
The worker ant bites you.
You die...

##..####.#.. ... <#..#
#.#.#### ..
##''####.#.#..##... ∆
.......#.#.#...##.#
.......#.#.##)†.#.#
.8..8..#.#..##.'#.#+
.......'.)...###...###..
.......'.........8......
.8..8..#.#...###@..###..
.......#.#..##.a#.#+
.......#...##.cT#.#
##++#####..#...##.##
.#####..#?.##...## ∆
#.......####.....##
#....................
#......#######.######
#......# ..#


You could see a troll, a centaur and a worker ant.

Vanquished Creatures
  An ogre (D:6)
  A crimson imp (D:6)
  A hound (D:6)
  An ooze (D:1)
  A leopard gecko (D:6)
  An orc (D:6)
  A ball python (D:6)
  A giant cockroach (D:1)
  3 goblins
  3 hobgoblins
  2 jackals (D:6)
  2 bats (D:1)
  A kobold (D:1)
  2 rats (D:1)
21 creatures vanquished.

Notes
Turn   | Place    | Note
-------+----------+-------------------------------------------
     0 | D:1      | tidbits the Gnoll Enchanter began the quest for the Orb.
     0 | D:1      | Reached XP level 1. HP: 13/13 MP: 6/6
    90 | D:1      | Reached XP level 2. HP: 6/19 MP: 2/7
    94 | D:1      | Learned a level 2 spell: Ensorcelled Hibernation
   112 | D:1      | HP: 1/19 [ooze (1)]
   228 | D:5      | Entered Level 5 of the Dungeon
   318 | D:4      | Noticed Robin
   321 | D:4      | Found a hazy altar of Hepliaklqana.
   329 | D:5      | Noticed Menkaure
   411 | D:6      | Noticed a crimson imp
   414 | D:6      | Killed a crimson imp
   414 | D:6      | Reached skill level 1 in Fighting
   414 | D:6      | Reached skill level 1 in Long Blades
   414 | D:6      | Reached skill level 1 in Axes
   414 | D:6      | Reached skill level 1 in Maces & Flails
   414 | D:6      | Reached skill level 1 in Polearms
   414 | D:6      | Reached skill level 1 in Staves
   414 | D:6      | Reached skill level 1 in Slings
   414 | D:6      | Reached skill level 1 in Bows
   414 | D:6      | Reached skill level 1 in Crossbows
   414 | D:6      | Reached skill level 1 in Throwing
   414 | D:6      | Reached skill level 1 in Armour
   414 | D:6      | Reached skill level 6 in Stealth
   414 | D:6      | Reached skill level 1 in Shields
   414 | D:6      | Reached skill level 1 in Unarmed Combat
   414 | D:6      | Reached skill level 5 in Spellcasting
   414 | D:6      | Reached skill level 1 in Invocations
   414 | D:6      | Reached skill level 1 in Evocations
   414 | D:6      | Reached XP level 3. HP: 10/26 MP: 2/9
   419 | D:6      | Learned a level 3 spell: Confuse
   423 | D:6      | Learned a level 3 spell: Dazzling Spray
   441 | D:6      | Noticed an ice beast
   442 | D:6      | Noticed an ogre
   444 | D:6      | Reached XP level 4. HP: 15/32 MP: 7/11
   448 | D:6      | Killed an ogre
   448 | D:6      | Reached skill level 1 in Conjurations
   448 | D:6      | Reached skill level 1 in Charms
   448 | D:6      | Reached skill level 1 in Summonings
   448 | D:6      | Reached skill level 1 in Necromancy
   448 | D:6      | Reached skill level 1 in Translocations
   448 | D:6      | Reached skill level 1 in Transmutations
   448 | D:6      | Reached skill level 1 in Fire Magic
   448 | D:6      | Reached skill level 1 in Ice Magic
   448 | D:6      | Reached skill level 1 in Air Magic
   448 | D:6      | Reached skill level 1 in Earth Magic
   448 | D:6      | Reached skill level 1 in Poison Magic
   448 | D:6      | Reached XP level 5. HP: 18/37 MP: 7/12
   461 | D:6      | Reached skill level 3 in Short Blades
   477 | D:6      | Noticed a troll
   477 | D:6      | Noticed a centaur
   481 | D:6      | Slain by a worker ant

Skill      XL: |  1  2  3  4  5 |
---------------+----------------+-----
Fighting       | 1 |  1.5
Long Blades    | 1 |  1.5
Axes           | 1 |  1.5
Maces & Flails | 1 |  1.5
Polearms       | 1 |  1.5
Staves         | 1 |  1.5
Slings         | 1 |  1.5
Bows           | 1 |  1.5
Crossbows      | 1 |  1.5
Throwing       | 1 |  1.5
Armour         | 1 |  1.5
Stealth        | 6 |  6.1
Shields        | 1 |  1.5
Unarmed Combat | 1 |  1.5
Spellcasting   | 5 |  5.2
Invocations    | 1 |  1.7
Evocations     | 1 |  1.5
Conjurations   | 1 |  1.2
Charms         | 1 |  1.2
Summonings     | 1 |  1.2
Necromancy     | 1 |  1.2
Translocations | 1 |  1.2
Transmutations | 1 |  1.2
Fire Magic     | 1 |  1.2
Ice Magic      | 1 |  1.2
Air Magic      | 1 |  1.2
Earth Magic    | 1 |  1.2
Poison Magic   | 1 |  1.2
Short Blades   | 3 |  3.0
Dodging        | |  4.8
Hexes          | |  5.5

Action                   |  1- 3 |  4- 6 || total
-------------------------+-------+-------++-------
Melee: Dagger            |    67 |     4 ||    71
       Bite              |     5 |     1 ||     6
 Cast: Corona            |    13 |       ||    13
       Ensorcelled Hiber |     5 |       ||     5
Evoke: Wand              |     1 |     3 ||     4
 Stab: Sleeping          |     7 |     3 ||    10
       Paralysed         |     1 |     1 ||     2
Armor: Robe              |     7 |       ||     7
Dodge: Dodged            |    63 |     4 ||    67

Table legend:
 A = Turns spent in this place as a percentage of turns spent in the entire game.
 B = Non-inter-level travel turns spent in this place as a percentage of non-inter-level travel turns spent in the entire game.
 C = Inter-level travel turns spent in this place as a percentage of turns spent in this place.
 D = Turns resting spent in this place as a percentage of non-inter-level travel turns spent in this place.
 E = Turns spent auto-exploring this place as a percentage of non-inter-level travel turns spent in this place.
 F = Non-inter-level travel turns spent in this place divided by the number of levels of this place that you've seen.
                   A       B       C       D       E      F
               +-------+-------+-------+-------+-------+----------------------
         Total | 100.0 | 100.0 |   3.5 |   0.0 |   0.0 |  77.3
       Dungeon | 100.0 | 100.0 |   3.5 |   0.0 |   0.0 |  77.3
               +-------+-------+-------+-------+-------+----------------------

Table legend:
 A = Kills in this place as a percentage of kills in entire the game.
 B = Kills by you in this place as a percentage of kills by you in the entire game.
 C = Kills by friends in this place as a percentage of kills by friends in the entire game.
 D = Other kills in this place as a percentage of other kills in the entire game.
 E = Experience gained in this place as a percentage of experience gained in the entire game.
 F = Experience gained in this place divided by the number of levels of this place that you have seen.
                   A       B       C       D       E      F
               +-------+-------+-------+-------+-------+----------------------
         Total | 100.0 | 100.0 |   N/A |   N/A | 100.0 |  42.2
       Dungeon | 100.0 | 100.0 |   N/A |   N/A | 100.0 |  42.2
               +-------+-------+-------+-------+-------+----------------------

Vault maps used:
D:1:      dpeg_arrival_rooms_with_view
D:2:      okawaru_trees_1, roderic_lattice_a, uniq_terence
D:3:      first_ration, minmay_misc_feat_encased,
          nicolae_tso_swordbearing_angel, uniq_grinder
D:4:      lemuel_doored_altar, uniq_robin
D:5:      serial_column_ruins, column_ruins_hut, column_ruins_corridor_straight,
          column_ruins_grid_1, column_ruins_open_small, column_ruins_open_small,
          column_ruins_open_small, uniq_menkaure, uniq_sigmund
D:6:      cheibrodos_barr_body, lemuel_round_altar, kennysheep_generic_room_6
